cohdb
Replays
Latest Replays
All Replays
Popular Replays
Top Player Replays
Match Explorer
How It Works
Community
CoH3 Stats
Reddit
Sign in to upload your games and track your stats! →
Sign in with Steam
Match 43016080
Unlisted
Match 43016080
Overview
Messages
Build Orders
End
Scout Squad
Construct Weapon Support Center
Selects Airborne Battlegroup
Selects Pathfinders
M1919 Machine Gun Team
M1919 Machine Gun Team
Construct Medical Station
Selects Paratrooper Squad Paradrop
Paratrooper Squad Paradrop
Paratrooper Squad Paradrop
Mechanized Support Center
Engineer Squad
M3 Armored Personnel Carrier
Construct Tank Depot
Improved M9 Bazooka Rockets
M4A1 Sherman Medium Tank
M4A1 Sherman Medium Tank
Designate Forward Repair Station
M4A1 Sherman Medium Tank
Improvised Armor
Selects Recon Loiter
Selects Paradrop Reinforcements
Recon Loiter
Bran
DrewP
Motionless559
Alec_i7
0
0
Comments
sign in to comment!
No comments posted yet!